 Dungeon Crawl Stone Soup version 0.24-a0-443-g80245de385 (webtiles) character file.

Game seed: 5340866402893550936

6546 HAL9000 the Fighter (level 10, -8/97 HPs)
             Began as a Yellow Draconian Transmuter on June 21, 2019.
             Was an Initiate of Ru.
             Shot with a sling bullet by something (12 damage)
             ... on level 10 of the Dungeon.
             The game lasted 00:26:38 (13779 turns).

HAL9000 the Fighter (Yellow Draconian Transmuter)  Turns: 13779, Time: 00:26:39

Health: -8/97      AC: 11    Str: 13    XL:     10   Next: 70%
Magic:  10/13      EV: 14    Int: 16    God:    Ru [......]
Gold:   420        SH:  0    Dex: 12    Spells: 2/13 levels left

rFire    . . .     SeeInvis .     - Unarmed
rCold    . . .     Gourm    .   (shield currently unavailable)
rNeg     . . .     Faith    .   (armour unavailable)
rPois    .         Spirit   .   (helmet restricted)
rElec    .         Reflect  .   (no cloak)
rCorr    +         Harm     .   (gloves currently unavailable)
MR       .....                  z - +0 pair of boots
Stlth    +.........             C - amulet of rage
HPRegen  0.26/turn              N - +3 ring of protection
MPRegen  0.13/turn              p - +2 ring of evasion

@: blade hands
A: spit acid, unfitting armour, cold-blooded, acid resistance, AC +7
a: Breathe Acid, End Transformation, Sacrifice Artifice, Sacrifice Purity,
Sacrifice Drink, Reject Sacrifices, Renounce Religion, Evoke Berserk Rage


You were on level 10 of the Dungeon.
You worshipped Ru.
Ru was noncommittal.
You were not hungry.
You had blades for hands.
You visited 2 branches of the dungeon, and saw 11 of its levels.
You also visited: Ossuary.

You collected 630 gold pieces.
You spent 210 gold pieces at shops.

Inventory:

Missiles
 a - 175 arrows
 m - 11 atropa-tipped darts (quivered)
 P - 8 javelins
Armour
 v - a cursed +0 shield
 z - a +0 pair of boots (worn)
 F - a +0 buckler
Jewellery
 i - a +3 ring of dexterity
 n - an uncursed amulet of faith
 p - a +2 ring of evasion (right scythe-like blade)
 q - an uncursed ring of protection from fire
 C - an amulet of rage (around neck)
 I - an uncursed ring of see invisible
 N - a +3 ring of protection (left scythe-like blade)
Wands
 y - a wand of enslavement (7)
 A - a wand of acid (5)
 J - a wand of flame (38)
 M - a wand of iceblast (9)
Scrolls
 b - 2 scrolls of holy word {unknown}
 d - 2 scrolls of remove curse
 e - 2 scrolls of enchant weapon
 h - 2 scrolls of amnesia
 k - 2 scrolls of teleportation
 w - a scroll of random uselessness {unknown}
 B - 2 scrolls of vulnerability {unknown}
 D - 3 scrolls of identify
 G - a scroll of blinking {unknown}
 H - a scroll of enchant armour {unknown}
 L - a scroll of acquirement {unknown}
Potions
 f - 2 potions of curing
 g - 3 potions of haste
 j - 3 potions of berserk rage
 l - 4 potions of heal wounds
 o - 4 potions of agility {unknown}
 r - 2 potions of mutation {unknown}
 s - 3 potions of degeneration {unknown}
 t - 3 potions of invisibility
 u - a potion of resistance
 x - a potion of cancellation {unknown}
 E - 2 potions of brilliance {unknown}
 K - 3 potions of magic {unknown}
 O - a potion of ambrosia {unknown}
Comestibles
 c - 17 rations


   Skills:
 + Level 11.9 Fighting
 - Level 1.7 Dodging
 - Level 7.4 Unarmed Combat
 - Level 2.0 Spellcasting
 - Level 10.1 Transmutations


You had 2 spell levels left.
You knew the following spells:

 Your Spells              Type           Power        Failure   Level  Hunger
a - Beastly Appendage     Tmut           ####..       10%         1    #......
b - Sticks to Snakes      Tmut           ####....     12%         2    ###....
c - Spider Form           Tmut/Pois      ###.......   41%         3    ###....
d - Blade Hands           Tmut           ####......   43%         5    ######.

Your spell library contained the following spells:

 Spells                   Type           Power        Failure   Level  Hunger
 Infusion                 Chrm           #...         63%         1    #......
 Shroud of Golubria       Chrm/Tloc      #.....       73%         2    ###....
 Song of Slaying          Chrm           #.......     73%         2    ###....
 Ice Form                 Ice/Tmut       ###.....     69%         4    #####..
 Regeneration             Chrm/Necr      #.........   88%         3    ###....
 Spectral Weapon          Hex/Chrm       #.......     88%         3    ###....


Dungeon Overview and Level Annotations

Branches:
Dungeon (10/15)            Temple (1/1) D:7             Orc (0/2) D:9
   Lair: D:8-11

Altars:
Ashenzari
Cheibriados
Dithmenos
Elyvilon
Fedhas
Gozag
Hepliaklqana
Kikubaaqudgha
Makhleb
Nemelex Xobeh
Okawaru
Qazlal
Ru
Sif Muna
Trog
Uskayaw
Vehumet
Wu Jian
Xom
Yredelemnul
Zin
The Shining One

Shops:
D:5 (   D:7 !   D:9 *=

Annotations:
D:7 3 runed translucent doors, Kisielow's ghost, novice MiFi
D:10 Joseph


Innate Abilities, Weirdness & Mutations

You can spit globs of acid.
Your golden yellow scales are hard. (AC +7)
You cannot fit into any form of body armour.
You are cold-blooded and may be slowed by cold attacks.
You are resistant to acid. (rCorr)


Message History

You see here a sling bullet.
You slice something!!
The crimson imp shouts, "Leave, thou frothy beetle-headed giglet!"
The crimson imp blinks!
Something hits you!
You barely miss something. The crimson imp puffs mist at you.
You are too injured to fight recklessly!
You hit something. Something hits you!
* * * LOW HITPOINT WARNING * * *
You barely miss something. Something hits you!
* * * LOW HITPOINT WARNING * * *
The crimson imp shouts, "Scamper hence, thou bootless toad-spotted serf!"
Unknown command.
A sling bullet appears from out of thin air!
The sling bullet hits you!
* * * LOW HITPOINT WARNING * * *
Items here: % ( ) [ ÷ † A sling bullet appears from out of thin air!
The sling bullet hits you!
You die...

#.##(# #..#)#
########## #
######.#)####........#
#
.......))...#........#
#
######...............#
# #.........###### #
#.........# #### #
#.........#######... #
....$.......@((#... .
###.#.##.######(#.# .#
# ...#.##.######.{.#
....
...#.#.......##..#.....
..............?...
.#<..........<.....
#.#######........### #
..............
#####.....##.##


There were no monsters in sight!

Vanquished Creatures
  A two-headed ogre (D:10)
  Psyche (D:10)
  2 hippogriffs
  Grinder (D:4)
  Sigmund (D:4)
  A spriggan (D:7)
  6 yaks (D:9)
  2 orc warriors
  A sky beast (D:7)
  5 ice beasts
  A hornet zombie (D:9)
  2 centaurs
  An ogre (D:6)
  2 big kobolds
  Blork the orc (D:5)
  5 gnoll sergeants (D:8)
  3 bullfrogs
  A scorpion (D:5)
  6 killer bees (D:7)
  5 howler monkeys
  2 crimson imps
  5 jellies
  A centaur zombie (Ossuary)
  10 orc wizards
  2 orc priests
  2 bullfrog skeletons
  3 hounds
  A human zombie (Ossuary)
  Terence (D:3)
  Natasha (thrice) (D:2)
  3 iguanas
  6 worker ants
  A big kobold zombie (Ossuary)
  3 hound zombies (Ossuary)
  A hound skeleton (D:4)
  2 mummies
  A howler monkey zombie (D:9)
  A worker ant zombie (D:10)
  Robin (D:2)
  12 gnolls
  18 adders
  4 shadow imps
  An ooze (D:2)
  5 adder zombies (Ossuary)
  2 worms (D:3)
  3 dart slugs
  2 leopard geckos
  24 orcs
  3 giant cockroaches
  A gnoll zombie (Ossuary)
  15 goblins
  5 hobgoblins
  4 jackals (D:4)
  A quokka (D:3)
  2 ball pythons
  2 bats (D:1)
  2 frilled lizards
  3 goblin zombies (Ossuary)
  3 hobgoblin zombies
  A jackal skeleton (D:7)
  A jackal zombie (Ossuary)
  16 kobolds
  4 kobold zombies
  An orc zombie (Ossuary)
  4 quokka zombies (Ossuary)
  4 rats
  5 rat zombies (Ossuary)
245 creatures vanquished.

Vanquished Creatures (collateral kills)
  An orc wizard (D:2)
  2 mummies (Ossuary)
  3 gnolls (D:8)
  A worm (D:2)
  3 orcs
  A giant cockroach (D:2)
  A goblin (D:3)
  A kobold (D:2)
  A gnoll zombie (Ossuary)
  A kobold zombie (Ossuary)
  A quokka zombie (Ossuary)
  A rat (D:3)
17 creatures vanquished.

Grand Total: 262 creatures vanquished

Notes
Turn   | Place    | Note
-------+----------+-------------------------------------------
     0 | D:1      | HAL9000 the Draconian Transmuter began the quest for the
                  | Orb.
     0 | D:1      | Reached XP level 1. HP: 16/16 MP: 3/3
     3 | D:1      | Noticed an ogre
     3 | D:1      | Noticed an octopode
     5 | D:1      | Noticed a ghoul
     6 | D:1      | Noticed a felid
     7 | D:1      | Noticed a centaur
    10 | D:1      | Noticed a ghoul
    10 | D:1      | Noticed a human
    12 | D:1      | Noticed a felid
    13 | D:1      | Noticed a gargoyle
    14 | D:1      | Noticed an elf
    16 | D:1      | Noticed a felid
    16 | D:1      | Noticed a gargoyle
    16 | D:1      | Noticed a minotaur
    18 | D:1      | Noticed a centaur
   122 | D:1      | Reached XP level 2. HP: 15/23 MP: 3/5
   696 | D:2      | Reached XP level 3. HP: 21/28 MP: 4/6
   700 | D:2      | Learned a level 2 spell: Sticks to Snakes
   704 | D:2      | Learned a level 3 spell: Spider Form
   731 | D:2      | Noticed Robin
  1133 | D:2      | Killed Robin
  1414 | D:2      | Noticed Natasha
  1420 | D:2      | Reached skill level 5 in Unarmed Combat
  1420 | D:2      | Reached XP level 4. HP: 35/35 MP: 0/7
  1423 | D:2      | Killed Natasha
  1480 | D:2      | Noticed Natasha
  1590 | D:2      | Reached XP level 5. HP: 35/40 MP: 8/8
  2076 | D:2      | Killed Natasha
  2144 | D:2      | Noticed Natasha
  2153 | D:2      | Killed Natasha
  2594 | D:2      | Reached XP level 6. HP: 24/47 MP: 6/9
  3132 | D:3      | Noticed an ice beast
  3148 | D:3      | Killed an ice beast
  3369 | D:3      | Noticed Terence
  3381 | D:3      | Killed Terence
  4121 | D:4      | Found a transporter.
  4168 | D:4      | Found a transporter.
  4169 | D:4      | Noticed a fire bat
  4495 | D:4      | Noticed Sigmund
  4506 | D:4      | Killed Sigmund
  4506 | D:4      | Your scales start taking on a golden yellow colour.
  4506 | D:4      | Reached XP level 7. HP: 44/52 MP: 1/10
  4506 | D:4      | Gained mutation: You are resistant to acid. (rCorr) [Yellow
                  | Draconian growth]
  4756 | D:4      | Noticed Grinder
  4769 | D:4      | Killed Grinder
  4769 | D:4      | Reached skill level 5 in Transmutations
  5430 | D:5      | Entered Level 5 of the Dungeon
  5430 | D:5      | Found Exalasch's Weapon Shop.
  5494 | D:5      | Reached XP level 8. HP: 58/59 MP: 6/11
  6380 | D:5      | Noticed Blork the orc
  6388 | D:5      | Killed Blork the orc
  6548 | D:5      | Found a burning altar of Makhleb.
  7301 | D:6      | Found a sand-covered staircase.
  7308 | Ossuary  | Entered an ossuary
  7376 | Ossuary  | Learned a level 5 spell: Blade Hands
  7712 | D:6      | Found a bloodstained altar of Trog.
  8025 | D:7      | Noticed Kisielow's ghost (novice MiFi)
  8528 | D:6      | Reached XP level 9. HP: 29/64 MP: 0/12
  8756 | D:7      | Found a runed translucent gate.
  8756 | D:7      | Found a runed translucent gate.
  8756 | D:7      | Found a runed translucent gate.
  8834 | D:6      | Reached skill level 10 in Transmutations
  8877 | D:6      | Reached skill level 2 in Fighting
  8994 | D:6      | Reached skill level 3 in Fighting
  9395 | D:7      | Reached skill level 4 in Fighting
  9636 | D:7      | Reached skill level 5 in Fighting
  9650 | D:7      | Found Hataikan's Distillery.
  9689 | D:7      | Reached skill level 6 in Fighting
 10133 | D:7      | Reached skill level 7 in Fighting
 10172 | D:7      | Found a blossoming altar of Fedhas.
 10172 | D:7      | Found a shattered altar of Ashenzari.
 10193 | D:7      | Found a staircase to the Ecumenical Temple.
 10305 | Temple   | Entered the Ecumenical Temple
 10421 | Temple   | Became a worshipper of Ru the Awakened
 10512 | D:7      | Found a shimmering altar of Xom.
 10512 | D:7      | Found a radiant altar of Vehumet.
 11038 | D:8      | Found a shadowy altar of Dithmenos.
 11239 | D:8      | Reached skill level 8 in Fighting
 11662 | D:8      | Found the +11 plutonium sword {*Contam Stlth-}
 11933 | D:8      | Reached XP level 10. HP: 90/90 MP: 7/13
 12013 | D:8      | Reached skill level 9 in Fighting
 12129 | D:9      | Reached skill level 10 in Fighting
 12383 | D:9      | Found Xyidutah's Jewellery Emporium.
 12391 | D:9      | Bought a +3 ring of protection for 210 gold pieces
 12692 | D:9      | Found a staircase to the Orcish Mines.
 12947 | D:9      | Found Coofen's General Store.
 13505 | D:10     | Entered Level 10 of the Dungeon
 13617 | D:10     | Noticed a two-headed ogre
 13631 | D:10     | Killed a two-headed ogre
 13631 | D:10     | Reached skill level 11 in Fighting
 13751 | D:10     | Noticed Psyche
 13758 | D:10     | Noticed Joseph
 13770 | D:10     | Killed Psyche
 13778 | D:10     | HP: 4/97 [something (13)]
 13779 | D:10     | Shot with a sling bullet by something

Levels and vault maps discovered:
D:1:      shiori_arrival_whats_in_store_for_you, layout_loops_ring, minivault_26
D:2:      layout_basic, uniq_robin, uniq_natasha
D:3:      layout_loops_ring, uniq_terence
D:4:      gammafunk_cloud_chamber, layout_cave_pods, uniq_sigmund, uniq_grinder
D:5:      layout_cave_pods, makhleb_blood_cavern_becter, serial_shops, shop,
          first_ration, uniq_blork_the_orc
D:6:      kb_forest_paths, layout_loops_ring, lightli_temple_of_fire,
          nicolae_ossuary_entry_giza
D:7:      layout_basic, gammafunk_temple_overflow_elements,
          gammafunk_temple_overflow_wave, minmay_temple_entry_poolview,
          gammafunk_ghost_split, serial_shops, shop, the_bakery
D:8:      layout_cave_pods, basic_altar, sword_in_stone
D:9:      layout_basic, orc_0_dummy, serial_shops, shop_statue, shop_fountains
D:10:     layout_basic, st_stairs_2, uniq_psyche, uniq_joseph, uniq_snorg
Temple:   compressed_dpeg_circular_temple

Skill      XL: |  1  2  3  4  5  6  7  8  9 10 |
---------------+-------------------------------+-----
Unarmed Combat | 4 5 6 7 |  7.4
Transmutations | 4 6 9 10 | 10.1
Fighting       | 8 11 | 11.9
Dodging        | |  1.7
Spellcasting   | |  2.0

Action                   |  1- 3 |  4- 6 |  7- 9 | 10-12 || total
-------------------------+-------+-------+-------+-------++-------
Melee: Unarmed           |    69 |   172 |   473 |   133 ||   847
       Headbutt          |     5 |     1 |       |       ||     6
       Tailslap          |     7 |    15 |    59 |    17 ||    98
       Kick              |     1 |     1 |       |       ||     2
       Punch             |       |     3 |    24 |     2 ||    29
 Cast: Beastly Appendage |    11 |     3 |       |       ||    14
       Spider Form       |     3 |     5 |     5 |       ||    13
       Sticks to Snakes  |     2 |    12 |    23 |       ||    37
       Blade Hands       |       |       |    19 |    10 ||    29
 Abil: Breathe Acid      |       |       |     7 |     1 ||     8
       Evoke Berserk Rag |       |       |     1 |       ||     1
  Use: Scroll            |       |     2 |     7 |       ||     9
       Potion            |       |     1 |     4 |       ||     5
 Stab: Sleeping          |     2 |     1 |     3 |       ||     6
       Distracted        |       |     1 |     3 |       ||     4
  Eat: Chunk             |     2 |    10 |    19 |     6 ||    37
       Ration            |       |     1 |     4 |     2 ||     7
Armor: Skin              |    13 |    40 |   129 |    40 ||   222
Dodge: Dodged            |    42 |   104 |   377 |    59 ||   582

Table legend:
 A = Non-vault XP
 B = Vault XP
 C = Vault XP percentage of total XP
 D = Non-vault monster count
 E = Vault monster count
 F = Vault count percentage of total count
                 A         B        C        D         E       F
            +---------+---------+-------+---------+---------+-------
      Total |    7158 |    2194 |  23.5 |     193 |      69 |  26.3
            +---------+---------+-------+---------+---------+-------
        D:1 |      29 |       0 |   0.0 |      15 |       0 |   0.0
        D:2 |     308 |      60 |  16.3 |      23 |      14 |  37.8
        D:3 |     171 |      32 |  15.8 |      15 |       1 |   6.2
        D:4 |     335 |     400 |  54.4 |      23 |       2 |   8.0
        D:5 |     664 |     131 |  16.5 |      21 |       2 |   8.7
        D:6 |     778 |     180 |  18.8 |      23 |       6 |  20.7
        D:7 |    1259 |     215 |  14.6 |      25 |       1 |   3.8
        D:8 |     572 |     450 |  44.0 |      16 |       5 |  23.8
        D:9 |    1762 |       0 |   0.0 |      19 |       0 |   0.0
       D:10 |    1280 |     463 |  26.6 |      13 |       1 |   7.1
    Ossuary |       0 |     263 | 100.0 |       0 |      37 | 100.0
            +---------+---------+-------+---------+---------+-------
